 Dungeon Crawl Stone Soup version 0.29.1-12-g30fa7ad0bf (webtiles) character file.

Game seed: 17503506989144213377

14874 DildoBatman the Blocker (level 12, -1/86 HPs)
             Began as a Formicid Conjurer on Dec 26, 2022.
             Was a High Priest of Kikubaaqudgha.
             Killed by divine providence
             ... invoked by an orc priest
              (14 damage)
             ... on level 1 of the Orcish Mines.
             The game lasted 00:40:26 (10280 turns).

DildoBatman the Blocker (Formicid Conjurer)        Turns: 10280, Time: 00:40:27

Health: -1/86      AC: 10    Str: 13    XL:     12   Next: 50%
Magic:  12/22      EV: 11    Int: 22    God:    Kikubaaqudgha [*****.]
Gold:   1188       SH: 19    Dex: 18    Spells: 8/25 levels left

rFire   . . .      SeeInvis +   a - +0 arbalest
rCold   . . .      Faith    .   o - +0 tower shield
rNeg    . . .      Spirit   .   Z - +0 robe {Archmagi}
rPois   .          Reflect  .   (helmet unavailable)
rElec   .          Harm     .   t - +0 cloak
rCorr   .          Rampage  .   w - +0 pair of gloves
Will    +....      Archmagi +   I - +0 pair of boots
Stlth   ++........              m - amulet of magic regeneration
HPRegen 0.24/turn               O - +4 ring of protection
MPRegen 0.58/turn               n - +6 ring of dexterity

@: very slightly contaminated
A: permanent stasis, dig shafts and tunnels, antennae 3, four strong arms
a: Dig, Shaft Self, Renounce Religion, Unearth Wretches, Torment


You were on level 1 of the Orcish Mines.
You worshipped Kikubaaqudgha.
Kikubaaqudgha was extremely pleased with you.
You visited 2 branches of the dungeon, and saw 12 of its levels.
You also visited: Ossuary.

You collected 1188 gold pieces.

Inventory:

Hand Weapons
 a - a +0 arbalest (weapon)
 b - a +5 halberd of freezing
 c - the +14 obsidian axe {vorpal, Mesm Drain Fly SInv}
   (You took it off a deep elf pyromancer on level 7 of the Dungeon)

   It inflicts extra damage upon your enemies.
   It occasionally summons demons to assist the wielder when it strikes in
   combat.
   Its wielder is mesmerised by any visible foes.
   It cannot be unequipped while any foes are visible.
   SInv:      It lets you see invisible.
   Fly:       It grants you flight.
   Drain:     It drains your maximum health when unequipped.
 d - the +5 war axe of Perversion {speed, rElec rCorr MP-9 Int-5}
   (You found it on level 8 of the Dungeon)

   Attacks with this weapon are significantly faster.
   Int:       It affects your intelligence (-5).
   rElec:     It insulates you from electricity.
   MP:        It affects your magic capacity (-9).
   rCorr:     It protects you from acid and corrosion.
Missiles
 e - 6 javelins
 f - 5 datura-tipped darts
 h - 5 curare-tipped darts
 T - 20 poisoned darts
Armour
 o - a +0 tower shield (worn)
 t - a +0 cloak (worn)
 w - a +0 pair of gloves (worn)
 H - a +1 ring mail of fire resistance
 I - a +0 pair of boots (worn)
 J - the +1 leather armour of Okawaru's Fury {Dex+5}
   (You took it off an orc wizard on level 7 of the Dungeon)

   Dex:       It affects your dexterity (+5).
 N - a +2 leather armour of cold resistance
 Q - a +2 leather armour of willpower
 Y - a +2 robe of positive energy
 Z - a +0 robe of the Archmagi (worn)
Jewellery
 j - a ring of resist corrosion
 m - an amulet of magic regeneration (around neck)
 n - a +6 ring of dexterity (right hand)
 z - a ring of protection from fire
 M - a ring of willpower
 O - a +4 ring of protection (left hand)
 X - an amulet of reflection
Wands
 g - a wand of mindburst (9)
 u - a wand of light (4)
 K - a wand of roots (5)
Scrolls
 p - a scroll of poison {unknown}
 q - a scroll of silence {unknown}
 v - 3 scrolls of immolation {unknown}
 x - a scroll of brand weapon {unknown}
 y - 4 scrolls of amnesia
 A - a scroll of noise {unknown}
 B - a scroll of blinking {unknown}
 C - 4 scrolls of magic mapping
 F - 3 scrolls of butterflies {unknown}
 G - a scroll of fear {unknown}
 R - a scroll of vulnerability {unknown}
 S - a scroll of summoning {unknown}
 U - a scroll of acquirement {unknown}
 V - 3 scrolls of enchant armour {unknown}
Potions
 i - a potion of invisibility {unknown}
 k - 3 potions of mutation {unknown}
 l - a potion of lignification {unknown}
 r - 9 potions of curing
 s - 5 potions of heal wounds
 D - 2 potions of magic
 E - 3 potions of brilliance {unknown}
 L - a potion of attraction {unknown}
 P - a potion of berserk rage {unknown}
 W - 2 potions of ambrosia {unknown}


   Skills:
 - Level 5.0 Fighting
 - Level 5.0 Armour
 - Level 3.0 Dodging
 - Level 2.4 Stealth
 * Level 14.3 Shields
 - Level 7.0 Spellcasting
 - Level 6.0 Conjurations
 - Level 9.0 Necromancy
 - Level 9.0 Earth Magic


You had 8 spell levels left.
You knew the following spells:

 Your Spells              Type           Power      Damage    Failure   Level
a - Borgnjor's Vile Clut  Necr/Erth      31%        N/A       16%         5
c - Searing Ray           Conj           100%       2d8       3%          2
d - Vampiric Draining     Necr           63%        2d10      1%          3
e - Magic Dart            Conj           100%       1d8       1%          1
h - Dispel Undead         Necr           63%        3d22      5%          4
z - Sublimation of Blood  Necr           63%        N/A       1%          2

Your spell library contained the following spells:

 Spells                   Type           Power      Damage    Failure   Level
 Necrotise                Necr           100%       1d9       1%          1
 Agony                    Necr           63%        N/A       16%         5
 Dazzling Flash           Conj/Hex       62%        N/A       21%         3
 Anguish                  Hex/Necr       20%        N/A       34%         4
 Fulminant Prism          Conj/Hex       15%        3d11      54%         4
 Iskenderun's Mystic Bla  Conj/Tloc      31%        2d8       54%         4
 Gell's Gravitas          Tloc           11%        N/A       56%         3
 Lesser Beckoning         Tloc           11%        N/A       56%         3
 Teleport Other           Tloc           11%        N/A       56%         3
 Death Channel            Necr           31%        N/A       65%         6
 Simulacrum               Ice/Necr       20%        N/A       99%         6
 Malign Gateway           Summ/Tloc      5%         N/A       100%        7
 Summon Horrible Things   Summ           5%         N/A       100%        8


Dungeon Overview and Level Annotations

Branches:
Dungeon (10/15) Temple (0/1) D:5 Orc (2/2) D:10 Elf (0/3) Orc:1 Orc:2 Ossuary (visited) Lair: D:8-11

Altars:
Ashenzari
Cheibriados
Elyvilon
Gozag
Kikubaaqudgha
Makhleb
Okawaru
Qazlal
Ru
Vehumet
Wu Jian
Yredelemnul
The Shining One

Shops:
D:4 *   D:8 *

Annotations:
Orc:2 1 exclusion


Innate Abilities, Weirdness & Mutations

You cannot be hasted, slowed, berserked, paralysed or teleported.
You can dig through walls and to a lower floor.
You have a pair of large antennae on your head. (SInv)
Your four strong arms can wield two-handed weapons with a shield.


Message History

Aiming: Vampiric Draining (safe; 1% risk of failure)
Press: ? - help, Shift-Dir - straight line, f/p - two-headed ogre
Aim: a two-headed ogre, wielding a +0 giant spiked club and a +0 giant club (almost dead, constricted by zombie hands)
You feel a surge of power!
You draw life force from the two-headed ogre!
You kill the two-headed ogre!
Kikubaaqudgha accepts your kill.
You feel life coursing into your body. You block the orc warrior's attack.
You block the orc's attack. You block the orc warrior's attack.
The orc warrior hits you with a +0 mace.
The troll closely misses you.
The troll claws you but does no damage. x2
The orc priest hits you with a +0 short sword.
The orc warrior attacks as you move away!
You block the orc warrior's attack.
The orc priest attacks as you move away!
The orc priest hits you with a +0 short sword.
The orc warrior throws a boomerang.
The boomerang closely misses you. You block the orc warrior's attack.
Things that are here:
a +0 giant spiked club; a +0 giant club; a two-headed ogre corpse
Casting: Vampiric Draining (safe; 1% risk of failure)
Confirm with . or Enter, or press ? or * to list all spells.
Aiming: Borgnjor's Vile Clutch (dangerous; 16% risk of failure)
Press: ? - help, Shift-Dir - straight line, f - troll
Aim: a troll (100% to hit)
Okay, then.
Are you sure you want to shaft yourself?
The troll bites you. You block the troll's attack. x2
You begin to dig a shaft.
You continue digging a shaft.
You block the orc warrior's attack.
The orc priest mumbles some strange prayers to Beogh against you.
Beogh smites you!
You die...
Kikubaaqudgha rasps: "You have failed me!
Welcome... death!"

##.#...###.......##..###...##.
#...#........#.......####.....
##.#.........##.......###..##[
##.....................#...[)#
#..............)..............
##^..........o................
#..........>oo................
##..#.....#oTo....[......#..##
#...####..#.o@...#......##....
##.## #.................##...
### ##.#..............##...
#####.........##....###.#
##..#.........####....####
##....#......##.#####.##
##.#.......#......#..##.##
#........................#
#......#.............##.##


You could see a troll, 3 orc warriors, 2 orc priests and an orc (strong).

Vanquished Creatures
  3 two-headed ogres
  An orc knight (Orc:2)
  Pikel (D:6)
  2 deep elf pyromancers
  An ugly thing (D:7)
  An orc sorcerer (Orc:1)
  2 cyclopes (D:7)
  An unseen horror (D:10)
  3 trolls
  A hornet (D:9)
  A wraith (D:9)
  A wyvern (D:6)
  6 yaks (D:10)
  2 steam dragons
  A vampire mosquito (D:7)
  2 acid dragons
  A water moccasin (D:9)
  6 orc warriors
  3 ice beasts
  3 sky beasts (D:7)
  3 ogres
  7 centaurs
  A lemure (D:6)
  A phantom (D:6)
  3 elf zombies (Ossuary)
  2 kobold brigands
  A gnoll sergeant (D:10)
  2 bullfrogs
  7 necrophages
  3 wights (D:8)
  21 killer bees
  2 hounds
  2 jellies
  4 centaur zombies (Ossuary)
  5 human zombies (Ossuary)
  9 orc priests
  An iguana (D:4)
  Terence (D:3)
  22 orc wizards
  3 mummies (Ossuary)
  6 gnolls
  9 adders
  A shadow imp (D:7)
  2 ufetubi
  A worm (D:4)
  4 dart slugs
  50 orcs
  6 bats
  2 endoplasms (D:4)
  4 giant cockroaches
  5 goblins
  13 hobgoblins
  8 jackals (D:2)
  14 kobolds
  9 quokkas
  14 ball pythons
  3 frilled lizards
  4 rats
  A butterfly (D:5)
298 creatures vanquished.

Vanquished Creatures (collateral kills)
  2 yaks (D:10)
  A wraith (D:7)
  A vampire mosquito (D:7)
  A warg (D:10)
  An orc warrior (D:10)
  A kobold brigand (D:7)
  A wight (D:8)
  A killer bee (D:8)
  An orc priest (D:8)
  3 orc wizards
  3 gnolls (D:10)
  8 orcs
  A kobold (D:7)
25 creatures vanquished.

Vanquished Creatures (others)
  5 plants
5 creatures vanquished.

Grand Total: 328 creatures vanquished

Notes
Turn   | Place    | Note
-------+----------+-------------------------------------------
     0 | D:1      | DildoBatman the Formicid Conjurer began the quest for the
                  | Orb.
     0 | D:1      | Reached XP level 1. HP: 13/13 MP: 3/3
   216 | D:1      | Reached XP level 2. HP: 20/20 MP: 1/5
   219 | D:1      | Learned a level 2 spell: Searing Ray
   561 | D:1      | Reached skill level 1 in Fighting
   577 | D:1      | Reached XP level 3. HP: 26/26 MP: 0/6
   601 | D:1      | Reached skill level 1 in Armour
   627 | D:1      | Found a faded altar of an unknown god.
  1153 | D:2      | Reached XP level 4. HP: 32/32 MP: 1/8
  1631 | D:3      | Reached XP level 5. HP: 31/38 MP: 5/9
  1640 | D:3      | Noticed Terence
  2065 | D:3      | Found a glowing golden altar of the Shining One.
  2549 | D:4      | Found Gozag's Platinum Reserve.
  2553 | D:4      | Reached XP level 6. HP: 43/46 MP: 9/11
  2611 | D:4      | Found a snail-covered altar of Cheibriados.
  2782 | D:4      | Found an opulent altar of Gozag.
  2793 | D:4      | Found an ancient bone altar of Kikubaaqudgha.
  2801 | D:4      | Became a worshipper of Kikubaaqudgha
  3259 | D:4      | Reached XP level 7. HP: 44/52 MP: 8/13
  3260 | D:4      | Reached skill level 5 in Conjurations
  3351 | D:3      | Killed Terence
  3417 | D:5      | Entered Level 5 of the Dungeon
  3427 | D:5      | Found an iron altar of Okawaru.
  3471 | D:5      | Found a stormy altar of Qazlal.
  3504 | D:5      | Reached skill level 5 in Spellcasting
  3734 | D:5      | Found a staircase to the Ecumenical Temple.
  3864 | D:5      | Reached XP level 8. HP: 43/58 MP: 7/16
  3979 | D:5      | Found a burning altar of Makhleb.
  4263 | D:6      | Noticed a wyvern
  4426 | D:7      | Found a radiant altar of Vehumet.
  4448 | D:7      | Found a white marble altar of Elyvilon.
  4584 | D:7      | Reached * piety under Kikubaaqudgha
  4584 | D:7      | Received a gift from Kikubaaqudgha
  4589 | D:7      | Reached skill level 1 in Necromancy
  4620 | D:7      | Noticed a red ugly thing
  4622 | D:7      | You fall into a shaft and drop 1 floor!
  4643 | D:8      | Learned a level 3 spell: Vampiric Draining
  4646 | D:8      | Learned a level 2 spell: Sublimation of Blood
  4670 | D:8      | Reached XP level 9. HP: 39/65 MP: 16/19
  4709 | D:8      | Found a sand-covered staircase.
  4878 | Ossuary  | Entered an ossuary
  5100 | Ossuary  | Reached skill level 5 in Fighting
  5100 | Ossuary  | Reached skill level 5 in Armour
  5172 | D:8      | Found Kidiq's Neck Hole.
  5232 | D:7      | Reached skill level 5 in Necromancy
  5237 | D:7      | Identified the +1 leather armour of Okawaru's Fury {Dex+5}
  5297 | D:7      | Reached ** piety under Kikubaaqudgha
  5487 | D:7      | Noticed a deep elf pyromancer
  5552 | D:6      | Reached XP level 10. HP: 54/74 MP: 14/20
  5724 | D:6      | Noticed Pikel
  5748 | D:6      | Killed Pikel
  5914 | D:6      | Found a sacrificial altar of Ru.
  6137 | D:7      | Killed a deep elf pyromancer
  6138 | D:7      | Reached skill level 2 in Shields
  6407 | D:7      | Reached skill level 3 in Shields
  6434 | D:7      | Reached skill level 4 in Shields
  6444 | D:7      | Noticed a cyclops
  6455 | D:7      | Reached skill level 5 in Shields
  6459 | D:7      | Killed a cyclops
  6460 | D:7      | Reached skill level 6 in Shields
  6475 | D:7      | Noticed a cyclops
  6485 | D:7      | Killed a cyclops
  6486 | D:7      | Reached skill level 7 in Shields
  6506 | D:7      | Found a runed translucent door.
  6506 | D:7      | Found a runed translucent door.
  6514 | D:7      | Reached skill level 8 in Shields
  6515 | D:7      | Reached XP level 11. HP: 77/79 MP: 12/21
  6798 | D:7      | Killed a red ugly thing
  6799 | D:7      | Reached skill level 9 in Shields
  6802 | D:7      | Noticed a two-headed ogre
  6812 | D:7      | Killed a two-headed ogre
  6813 | D:7      | Reached skill level 10 in Shields
  7078 | D:8      | Reached skill level 11 in Shields
  7167 | D:8      | Reached *** piety under Kikubaaqudgha
  7167 | D:8      | Received a gift from Kikubaaqudgha
  7177 | D:8      | Learned a level 5 spell: Borgnjor's Vile Clutch
  7182 | D:8      | Learned a level 4 spell: Dispel Undead
  7265 | D:8      | Reached skill level 1 in Earth Magic
  7562 | D:8      | Identified the +5 war axe of Perversion {speed, rElec rCorr
                  | MP-9 Int-5}
  7569 | D:9      | Noticed a deep elf pyromancer
  7575 | D:9      | Killed a deep elf pyromancer
  7596 | D:9      | Found an ornate altar of the Wu Jian Council.
  7859 | D:9      | Reached skill level 5 in Earth Magic
  8581 | D:10     | Entered Level 10 of the Dungeon
  8651 | D:10     | Reached **** piety under Kikubaaqudgha
  8702 | D:10     | Found a staircase to the Orcish Mines.
  8744 | D:10     | Reached XP level 12. HP: 83/84 MP: 13/22
  8758 | D:10     | Found a broken altar of Ashenzari.
  8817 | D:10     | Found a basalt altar of Yredelemnul.
  9232 | Orc:1    | Entered Level 1 of the Orcish Mines
  9232 | Orc:1    | Found the +15 Maxwell's patent armour {-Cast -Tele rElec
                  | Will+ rCorr}
  9359 | Orc:1    | Reached skill level 12 in Shields
  9439 | Orc:1    | Reached ***** piety under Kikubaaqudgha
  9656 | Orc:1    | Noticed a two-headed ogre
  9664 | Orc:1    | Killed a two-headed ogre
  9665 | Orc:1    | Reached skill level 13 in Shields
  9711 | Orc:1    | You fall into a shaft and drop 1 floor!
  9711 | Orc:2    | Entered Level 2 of the Orcish Mines
  9969 | Orc:2    | Reached skill level 14 in Shields
 10270 | Orc:2    | Noticed a two-headed ogre
 10270 | Orc:2    | Noticed an orc warlord
 10270 | Orc:2    | Found a staircase to the Elven Halls.
 10276 | Orc:1    | Killed a two-headed ogre
 10280 | Orc:1    | Killed from afar by an orc priest

Illustrated notes

Levels and vault maps discovered:
D:1:      dpeg_arrival_long_road, layout_loops_ring,
          shapermc_ecumenical_altar_notcrosses, serial_bayou,
          serial_bayou_shore_a, serial_bayou_lagoon_a, serial_bayou_pond_b,
          serial_bayou_pond_b, st_stairs_5, dk_noncrumbling_4,
          minmay_stone_trees_small
D:2:      layout_basic, grunt_ministairs_1,
          nicolae_concentric_dashed_squares_mild, minmay_small_reverse_x
D:3:      layout_loops_ring, lemuel_tele_altar, serial_bayou_pond_e,
          uniq_terence
D:4:      layout_basic, nicolae_gozag_zags_fifth_avenue,
          mainiacjoe_overflow_alcove_2, kiku_gazebo_garden_becter
D:5:      layout_loops_ring, kennysheep_mini_moat, grunt_qazlal_sundering,
          okawaru_trees_2, minmay_temple_entry_butterflies, skrybe_limestone_x
D:6:      layout_basic, nicolae_ru_the_path_less_chosen, uniq_pikel
D:7:      minmay_the_grid_triangle_9x9_recursive_2
          [minmay_the_grid_triangle_9x9_prize_top_heavy,
          minmay_the_grid_triangle_9x9_zippers_horizontal,
          minmay_the_grid_triangle_9x9_tough_junction,
          minmay_the_grid_triangle_9x9_pentomino_pain], layout_basic,
          nicolae_overflow_crystal_walls, lemuel_round_altar
D:8:      layout_basic, lightli_ossuary_entry_decrepit_ruins,
          nicolae_shop_sticking_my_neck_out
D:9:      layout_small_grid, mainiacjoe_overflow_catwalk
D:10:     layout_cave_pools, cheibrodos_ashenzari_chains, kennysheep_little_box,
          david_orc_3
Orc:1:    layout_caves, dreamdust_deal_with_the_devil
Orc:2:    pf_orc_diabolical, layout_caves, mines1_david

Skill      XL: |  1  2  3  4  5  6  7  8  9 10 11 12 |
---------------+-------------------------------------+-----
Dodging        | 2 3 |  3.0
Fighting       | 1 2 3 5 |  5.0
Armour         | 1 2 3 5 |  5.0
Conjurations   | 4 6 |  6.0
Spellcasting   | 3 4 5 7 |  7.0
Necromancy     | 1 6 9 |  9.0
Shields        | 8 11 14 | 14.3
Earth Magic    | 8 9 |  9.0
Stealth        | |  2.4

Action                   |  1- 3 |  4- 6 |  7- 9 | 10-12 || total
-------------------------+-------+-------+-------+-------++-------
Melee: Short sword       |    23 |     8 |       |       ||    31
       Dagger            |     2 |       |       |       ||     2
       Quarterstaff      |       |     4 |       |       ||     4
       Halberd           |       |       |    11 |    25 ||    36
       Broad axe         |       |       |       |   121 ||   121
 Fire: Arbalest          |       |       |       |    17 ||    17
 Cast: Magic Dart        |    64 |    69 |    25 |    22 ||   180
       Searing Ray       |     2 |    24 |    60 |    24 ||   110
       Vampiric Draining |       |       |     8 |    85 ||    93
       Borgnjor's Vile C |       |       |       |    21 ||    21
       Dispel Undead     |       |       |       |     1 ||     1
 Abil: Shaft Self        |       |       |     1 |     1 ||     2
       Dig               |       |       |     1 |     2 ||     3
  Use: Scroll            |       |       |    10 |     5 ||    15
 Stab: Distracted        |       |       |       |     1 ||     1
Armor: Robe              |     3 |    11 |     1 |     9 ||    24
       Ring mail         |       |       |    43 |       ||    43
       Leather armour    |       |       |     8 |   102 ||   110
Dodge: Dodged            |    14 |    37 |    68 |   129 ||   248
Block: Tower shield      |       |       |       |   262 ||   262
